 Dungeon Crawl Stone Soup version 0.27.0-1-g7a089689b8 (webtiles) character file.

Game seed: 7286970674395532222

168 Demosthentine the Poker (level 5, 0/41 HPs)
             Began as a Merfolk Gladiator on Aug 1, 2021.
             Hit by a boomerang thrown by an orc (5 damage)
             ... on level 4 of the Dungeon.
             The game lasted 00:03:40 (2745 turns).

Demosthentine the Poker (Merfolk Gladiator)         Turns: 2745, Time: 00:03:41

Health: 0/41       AC:  5    Str: 15    XL:     5   Next: 48%
Magic:  5/5        EV: 14    Int: 13    God:
Gold:   192        SH:  0    Dex: 16    Spells: 4/4 levels left

rFire    + . .     SeeInvis .   a - +0 trident
rCold    + . .     Faith    .   (no shield)
rNeg     . . .     Spirit   .   b - +0 leather armour
rPois    .         Reflect  .   c - +0 helmet
rElec    .         Harm     .   f - scarf {rC+ rF+}
rCorr    .         Rampage  .   (no gloves)
Will     .....                  j - +0 pair of boots
Stlth    +.........             (no amulet)
HPRegen  0.13/turn              h - +6 ring of intelligence
MPRegen  0.09/turn              (no ring)

@: no status effects
A: (nimble swimmer 2), mertail
a: no special abilities


You were on level 4 of the Dungeon.
You visited 1 branch of the dungeon, and saw 4 of its levels.

You collected 192 gold pieces.

Inventory:

Hand Weapons
 a - a +0 trident (weapon)
Missiles
 d - 3 throwing nets (quivered)
Armour
 b - a +0 leather armour (worn)
 c - a +0 helmet (worn)
 f - a scarf of resistance (worn)
 j - a +0 pair of boots (worn)
Jewellery
 h - a +6 ring of intelligence (left hand)
Scrolls
 n - a scroll of magic mapping
Potions
 e - a potion of might {unknown}
 g - a potion of haste {unknown}
 i - a potion of curing {unknown}
 k - a potion of brilliance {unknown}
 l - a potion of resistance {unknown}
 m - a potion of invisibility {unknown}


   Skills:
 + Level 3.5 Fighting
 + Level 5.7 Polearms
 - Level 2.0 Throwing
 + Level 1.7 Armour
 + Level 5.2 Dodging


You had 4 spell levels left.
You didn't know any spells.
Your spell library was empty.

Dungeon Overview and Level Annotations

Branches:
Dungeon (4/15)
 Temple: D:4-7

Altars:


Innate Abilities, Weirdness & Mutations

((You are quick and stealthy near water. (Stealth+, EV+, Speed+++)))
Your lower body shifts to a powerful aquatic tail in water.


Message History

You hit the shadow imp but do no damage.
The shadow imp is almost dead.
The orc priest mumbles some strange prayers to Beogh against you.
Beogh smites you!
The shadow imp hits you but does no damage.
You closely miss the shadow imp.
The shadow imp is almost dead.
The orc priest begins to cast a cantrip, but forgets the words!
The shadow imp closely misses you.
You closely miss the shadow imp.
The shadow imp is almost dead.
The shadow imp gestures at you.
You barely resist.
The orc priest mumbles some strange prayers to Beogh against you.
Beogh smites you!
You are too injured to fight recklessly!
You are too injured to fight recklessly!
You are too injured to fight recklessly!
You are too injured to fight recklessly!
You are too injured to fight recklessly!
You are too injured to fight recklessly!
You are too injured to fight recklessly!
You are too injured to fight recklessly!
You are too injured to fight recklessly!
You are too injured to fight recklessly!
You are too injured to fight recklessly!
You are too injured to fight recklessly!
You are too injured to fight recklessly!
Unknown command.
The shadow imp shouts, "Remove thy stench, thou gleeking weevil-witted erk!"
The orc priest miscasts a cantrip.
The orc priest casts a cantrip, but nothing happens.
The shadow imp gestures at you. Pain shoots through your body!
* * * LOW HITPOINT WARNING * * *
The orc priest casts a cantrip, but nothing happens.
The shadow imp gestures at you.
You barely resist.
The orc throws a boomerang.
The boomerang hits you.
You die...

############ ........##########
######.......#≈#.# #.......#≈#.#
#.......#≈#.# #........≈..#
#........≈..#####
#........≈......#
##.####.#≈#@....#
#####.####.#≈#.....########
#.†......+.###.....'....... .
#.###.####.###...5(##########..
#+##..............S#######.....
..>................o.o.S.oo.†...
....................#######.....
.....................# #.....
......#+####.........# #...##


You could see an orc priest, an adder, a shadow imp and an orc.

Vanquished Creatures
  An iguana (D:3)
  An orc wizard (D:3)
  5 adders
  A dart slug (D:4)
  5 orcs (D:3)
  4 bats
  4 endoplasms
  4 giant cockroaches
  5 goblins
  4 hobgoblins
  4 jackals (D:4)
  8 kobolds
  2 quokkas (D:3)
  5 ball pythons
  4 frilled lizards
  8 rats
65 creatures vanquished.

Notes
Turn   | Place    | Note
-------+----------+-------------------------------------------
     0 | D:1      | Demosthentine the Merfolk Gladiator began the quest for the
                  | Orb.
     0 | D:1      | Reached XP level 1. HP: 16/16 MP: 1/1
   237 | D:1      | Reached XP level 2. HP: 23/23 MP: 2/2
   656 | D:1      | Found a faded altar of an unknown god.
  1034 | D:2      | Reached XP level 3. HP: 28/28 MP: 3/3
  1215 | D:2      | Reached skill level 5 in Polearms
  1215 | D:2      | Reached skill level 1 in Armour
  1645 | D:3      | Reached XP level 4. HP: 34/34 MP: 4/4
  2041 | D:3      | Reached skill level 5 in Dodging
  2041 | D:3      | Reached XP level 5. HP: 37/41 MP: 5/5
  2745 | D:4      | Hit by a boomerang thrown by an orc

Illustrated notes

Levels and vault maps discovered:
D:1:      minmay_arrival_three_doors, layout_loops_cross,
          shapermc_ecumenical_altar_mp_ritualfount, minmay_stone_trees_small,
          minmay_pentomino_p4
D:2:      layout_rooms
D:3:      layout_loops_ring
D:4:      layout_basic, chequers_serial_rivers_micro_a, uniq_natasha

Skill      XL: |  1  2  3  4 |
---------------+-------------+-----
Polearms       | 5 |  5.7
Armour         | 1 |  1.7
Fighting       | 3 |  3.5
Dodging        | 5 |  5.2
Throwing       | |  2.0

Action                   |  1- 3 |  4- 6 || total
-------------------------+-------+-------++-------
Melee: Trident           |   110 |   131 ||   241
  Use: Scroll            |     2 |     2 ||     4
 Stab: Sleeping          |     1 |     2 ||     3
Armor: Leather armour    |    20 |    31 ||    51
Dodge: Dodged            |    48 |    72 ||   120
